 Seeded DCSS version 0.31-a0-142-g31f6795574 (webtiles) character file.

Game seed: 11438637901012270034 (custom seed)

7880 timneilson the Blocker (level 11, -3/66 HPs)
             Began as a Gargoyle Fighter on June 3, 2023.
             Was a High Priest of Okawaru.
             Slain by Gastronok (19 damage)
             ... on level 10 of the Dungeon.
             The game lasted 00:23:33 (8865 turns).

timneilson the Blocker (Gargoyle Fighter)           Turns: 8865, Time: 00:23:34

Health: -3/66      AC: 27    Str: 20    XL:     11   Next: 22%
Magic:  14/14      EV:  7    Int:  9    God:    Okawaru [*****.]
Gold:   349        SH:  6    Dex: 13    Spells: 10/10 levels left

rFire   . . .        h - +0 double sword
rCold   + + .        c - +0 buckler
rNeg    + . .        g - +0 plate armour
rPois   ∞            d - +2 helmet
rElec   +            (no cloak)
rCorr   .            (no gloves)
SInv    .            e - +0 pair of boots
Will    .....        z - amulet of the acrobat Stlth
                     b - ring of protection from cold
HPRegen 0.31/turn    x - ring of protection from cold
MPRegen 0.14/turn

%: acrobat
@: slowed, very slow
A: sickness immunity, AC +8, negative energy resistance 1, electricity
resistance, torment resistance 1, petrification resistance
a: Renounce Religion, Heroism, Finesse, Duel


You were on level 10 of the Dungeon.
You worshipped Okawaru.
Okawaru was extremely pleased with you.
You visited 2 branches of the dungeon, and saw 11 of its levels.

You collected 559 gold pieces.
You spent 210 gold pieces at shops.

Inventory:

Hand Weapons
 a - a +1 long sword
 h - a +0 double sword (weapon)
Missiles
 y - an atropa-tipped dart (quivered)
Armour
 c - a +0 buckler (worn)
 d - a +2 helmet (worn)
 e - a +0 pair of boots (worn)
 g - a +0 plate armour (worn)
Jewellery
 b - a ring of protection from cold (left hand)
 x - a ring of protection from cold (right hand)
 z - an amulet of the acrobat (around neck)
Wands
 m - a wand of flame (32)
 s - a wand of paralysis (14)
 v - a wand of polymorph (6)
 B - a wand of digging (8)
Scrolls
 k - a scroll of immolation
 u - 2 scrolls of fog
 w - 3 scrolls of teleportation
Potions
 i - a potion of magic
 j - a potion of ambrosia
 n - 2 potions of might
 o - 3 potions of attraction
 p - a potion of brilliance
 q - 3 potions of enlightenment
 r - a potion of resistance {unknown}
 t - 5 potions of lignification


   Skills:
 + Level 6.8 Fighting
 * Level 7.3 Long Blades
 * Level 9.2 Armour
 + Level 4.3 Dodging
 * Level 9.2 Shields
 + Level 5.0 Invocations
 + Level 4.6 Evocations


You had 10 spell levels left.
You didn't know any spells.
Your spell library contained the following spells:

 Spells                   Type           Power      Damage    Failure   Level
 Shock                    Conj/Air       0%         1d3       100%        1
 Sting                    Tmut/Pois      0%         1d3       100%        1
 Dazzling Flash           Conj/Hex       0%         N/A       100%        3
 Hailstorm                Conj/Ice       0%         3d3       100%        3
 Inner Flame              Hex/Fire       0%         N/A       100%        3
 Mephitic Cloud           Conj/Pois/Air  0%         N/A       100%        3
 Portal Projectile        Hex/Tloc       0%         N/A       100%        3
 Swiftness                Air            0%         N/A       100%        3
 Volatile Blastmotes      Fire/Tloc      0%         2d10      100%        3
 Airstrike                Air            0%         2d(0-16)  100%        4
 Fulminant Prism          Conj/Hex       0%         3d5       100%        4
 Ice Form                 Ice/Tmut       0%         N/A       100%        4
 Iskenderun's Mystic Bla  Conj/Tloc      0%         2d3       100%        4
 Leda's Liquefaction      Hex/Erth       0%         N/A       100%        4
 Lee's Rapid Deconstruct  Erth           0%         3d4*      100%        5
 Yara's Violent Unravell  Hex/Tmut       0%         3d3       100%        5
 Starburst                Conj/Fire      0%         6d3       100%        6
 Enfeeble                 Hex            0%         N/A       100%        7
 Polar Vortex             Ice            0%         N/A       100%        9
 Call Canine Familiar     Summ           Unusable   N/A       N/A         3

Dungeon Overview and Level Annotations

Branches:
Dungeon (10/15)            Temple (1/1) D:5
   Lair: D:8-11         Orc: D:9-12

Altars:
Ashenzari
Cheibriados
Dithmenos
Elyvilon
Fedhas
Gozag
Hepliaklqana
Kikubaaqudgha
Makhleb
Nemelex Xobeh
Okawaru
Qazlal
Ru
Sif Muna
Trog
Uskayaw
Vehumet
Wu Jian
Xom
Yredelemnul
Zin
The Shining One

Shops:
D:2 [[([   D:7 ?   D:8 *

Annotations:
D:10 Gastronok


Innate Abilities, Weirdness & Mutations

You are immune to sickness and miasma.
Your stone body is resilient. (AC +8)
You are immune to poison.
You resist negative energy. (rN+)
You are resistant to electric shocks. (rElec)
You are resistant to unholy torment.
You are immune to petrification.


Message History

The rat bites you but does no damage. The orc barely misses you.
Gastronok bites you but does no damage.
The quokka bites you but does no damage.
You hit Gastronok.
Gastronok is almost dead.
You block the rat's attack. The orc barely misses you.
The quokka bites you but does no damage.
You hit Gastronok.
Gastronok is almost dead.
You block the rat's attack. You block the orc's attack.
Gastronok looks at you while chanting.
You feel yourself slow down. The quokka bites you.
You hit Gastronok.
Gastronok is almost dead.
The rat bites you but does no damage. The quokka closely misses you.
The orc hits you with a +0 falchion.
Unknown command.
You slash Gastronok!
Gastronok is almost dead.
You feel like a meek peon again.
The quokka bites you but does no damage.
The rat bites you but does no damage. The orc barely misses you.
Gastronok bites you!
* * * LOW HITPOINT WARNING * * *
You block the quokka's attack. The rat bites you but does no damage.
The orc hits you with a +0 falchion.
* * * LOW HITPOINT WARNING * * *
You hit Gastronok.
Gastronok is almost dead.
The quokka bites you but does no damage.
The rat bites you but does no damage. You block the orc's attack.
The quokka bites you but does no damage.
Gastronok bites you but does no damage. The rat bites you but does no damage.
The orc barely misses you.
You hit Gastronok.
Gastronok is almost dead.
The quokka bites you but does no damage.
You block the rat's attack. You block the quokka's attack.
The orc hits you but does no damage. Gastronok bites you!!
You die...

#######+#
#####........
#...'.###
#########
#.###...#
#.......###.#
###.#
#.....ro##..#
#.#.#
......w@)..##
#.#.#
#.....r.####
#<..#
####+####
#####


You could see Gastronok (swift), an orc, a quokka (summoned) and a rat
(summoned).

Vanquished Creatures
  2 two-headed ogres (D:9)
  Pikel (D:7)
  Prince Ribbit (D:8)
  5 yaks
  2 wraiths (D:9)
  6 vampire mosquitoes
  A steam dragon (D:5)
  3 water moccasins
  2 acid dragons
  2 orc warriors (D:7)
  4 ice beasts
  A sky beast (D:7)
  2 ogres
  A centaur (D:9)
  4 bullfrogs
  3 kobold brigands (D:9)
  Blork the orc (D:5)
  A gnoll sergeant (D:9)
  4 scorpions
  14 wights
  4 electric eels (D:9)
  5 howler monkeys
  4 hounds
  5 orc priests
  4 iguanas
  8 orc wizards
  6 gnolls
  4 river rats (D:5)
  9 adders
  A shadow imp (D:8)
  An ufetubus (D:4)
  4 worms
  3 dart slugs
  25 orcs
  7 ball pythons
  3 endoplasms
  7 giant cockroaches
  5 goblins
  10 hobgoblins
  9 kobolds
  5 quokkas
  7 bats
  A frilled lizard (D:1)
  A rat (D:1)
198 creatures vanquished.

Notes
Turn   | Place    | Note
-------+----------+-------------------------------------------
     0 | D:1      | timneilson the Gargoyle Fighter began the quest for the
                  | Orb.
     0 | D:1      | Reached XP level 1. HP: 14/14 MP: 1/1
   213 | D:1      | Reached XP level 2. HP: 18/19 MP: 2/2
   513 | D:2      | Found Otogres's Armour Boutique.
   576 | D:2      | Reached XP level 3. HP: 23/23 MP: 3/3
   637 | D:2      | Found Menyj's Armour Shop.
   708 | D:2      | Found Arhoeck's Antique Armour Shoppe.
   760 | D:2      | Got Sollofeh's Spellbook of the Wendigo and Toxicants
   865 | D:2      | Found Usialysh's Antique Weapon Emporium.
  1131 | D:3      | Reached XP level 4. HP: 12/28 MP: 4/4
  1462 | D:3      | Reached skill level 1 in Dodging
  1568 | D:3      | Reached XP level 5. HP: 32/32 MP: 5/5
  2308 | D:4      | Noticed an ogre
  2314 | D:4      | Killed an ogre
  2315 | D:4      | Reached XP level 6. HP: 38/38 MP: 6/6
  2322 | D:4      | Noticed an ice beast
  2332 | D:4      | Killed an ice beast
  2333 | D:4      | Reached skill level 1 in Evocations
  2347 | D:4      | Found a blossoming altar of Fedhas.
  2500 | D:4      | Reached skill level 5 in Shields
  2679 | D:4      | Reached XP level 7. HP: 43/43 MP: 7/7
  2748 | D:5      | Entered Level 5 of the Dungeon
  2796 | D:5      | Reached skill level 5 in Armour
  2833 | D:5      | Found a staircase to the Ecumenical Temple.
  2850 | Temple   | Entered the Ecumenical Temple
  3284 | Temple   | Became a worshipper of Warmaster Okawaru
  3334 | D:5      | Found a shadowy altar of Dithmenos.
  3334 | D:5      | Noticed a steam dragon
  3723 | D:5      | Killed a steam dragon
  3724 | D:5      | Reached skill level 1 in Invocations
  3724 | D:5      | Reached XP level 8. HP: 18/48 MP: 8/8
  3878 | D:5      | Reached * piety under Okawaru
  3981 | D:5      | Noticed Blork the orc
  3989 | D:5      | Killed Blork the orc
  5248 | D:7      | Reached ** piety under Okawaru
  5259 | D:7      | Reached skill level 5 in Fighting
  5279 | D:7      | Reached skill level 5 in Long Blades
  5279 | D:7      | Reached XP level 9. HP: 16/54 MP: 10/10
  5609 | D:7      | Noticed Pikel
  5647 | D:7      | Killed Pikel
  5647 | D:7      | Reached *** piety under Okawaru
  5848 | D:7      | Found Xucex's Magic Scroll Shop.
  5855 | D:7      | Received a gift from Okawaru
  6158 | D:8      | Found Doujopn's Desiderata Depot.
  6313 | D:8      | Reached **** piety under Okawaru
  6326 | D:8      | Reached XP level 10. HP: 43/60 MP: 12/12
  6675 | D:8      | Noticed Prince Ribbit
  6694 | D:8      | Killed Prince Ribbit
  6736 | D:8      | Found a burning altar of Makhleb.
  7027 | D:8      | Received a gift from Okawaru
  7088 | D:8      | Bought a +0 double sword for 210 gold pieces
  7764 | D:9      | Noticed a two-headed ogre
  7896 | D:9      | Killed a two-headed ogre
  7905 | D:9      | Reached ***** piety under Okawaru
  8040 | D:9      | Reached XP level 11. HP: 49/66 MP: 14/14
  8059 | D:9      | Received a gift from Okawaru
  8243 | D:9      | Noticed a two-headed ogre
  8344 | D:9      | Killed a two-headed ogre
  8345 | D:9      | Reached skill level 5 in Invocations
  8815 | D:10     | Entered Level 10 of the Dungeon
  8831 | D:10     | Noticed Gastronok
  8865 | D:10     | Slain by Gastronok

Illustrated notes

Levels and vault maps discovered:
D:1:      dpeg_arrival_three_smaller_balls, layout_basic, minivault_19
D:2:      layout_loops_ring, serial_glass, glass_columns_c, glass_columns_c,
          glass_columns_c, glass_columns_a, glass_columns_b,
          minmay_strange_pillars, minmay_strange_pillars, serial_shops, shop,
          shop, shop, shop
D:3:      layout_basic
D:4:      layout_cave_pools, fedhas_ov_isle_minmay
D:5:      wad_woods_stonehenge, layout_rooms, nicolae_half_adder,
          uniq_blork_the_orc
D:6:      layout_cave_pods
D:7:      layout_rooms, serial_shops, shop, nrook_campfire, uniq_pikel
D:8:      layout_basic, lemuel_tele_altar, nicolae_alphabet_shops,
          uniq_prince_ribbit1
D:9:      layout_rooms, serial_bayou, serial_bayou_pond_e, serial_bayou_lake_a,
          serial_bayou_pond_d, serial_bayou_pond_b, serial_bayou_ford_a,
          serial_bayou_crossing, minmay_fractal_squares_diagonal_5
D:10:     layout_roguey, david_lair_shrubbed, serial_shops,
          nicolae_shop_advertising_works [nicolae_subvault_shop_adworks],
          uniq_urug, uniq_gastronok
Temple:   mainiacjoe_temple_big_plus

Skill      XL: |  1  2  3  4  5  6  7  8  9 10 11 |
---------------+----------------------------------+-----
Long Blades    | 2 3 4 5 6 7 |  7.3
Shields        | 4 5 6 7 8 9 |  9.2
Armour         | 4 5 6 7 8 9 |  9.2
Dodging        | 1 2 3 4 |  4.3
Fighting       | 4 5 6 |  6.8
Evocations     | 1 2 3 4 |  4.6
Invocations    | 1 2 3 4 5 |  5.0

Action                     |  1- 3 |  4- 6 |  7- 9 | 10-12 || total
---------------------------+-------+-------+-------+-------++-------
  Melee: Long sword        |   111 |   161 |   529 |    90 ||   891
         Double sword      |       |       |       |   262 ||   262
 Invoke: Heroism           |       |       |       |     4 ||     4
  Evoke: Wand              |       |       |     7 |    10 ||    17
    Use: Scroll            |     5 |     5 |     6 |     3 ||    19
         Potion            |       |     2 |     6 |     3 ||    11
   Stab: Invisible         |       |       |     4 |       ||     4
         Paralysed         |       |       |       |    11 ||    11
 Armour: Scale mail        |    24 |       |       |       ||    24
         Chain mail        |    69 |   119 |   429 |   136 ||   753
         Plate armour      |       |       |       |    50 ||    50
  Dodge: Dodged            |    46 |    65 |   236 |   167 ||   514
  Block: Buckler           |    31 |    39 |   184 |    99 ||   353

Table legend: (Time is in decaauts)
 A = Elapsed time spent in this place.
 B = Non-inter-level travel time spent in this place.
 C = Inter-level travel time spent in this place.
 D = Time resting spent in this place.
 E = Time spent auto-exploring this place.
 F = Levels seen in this place.
 G = Mean time per level.
                   A        B        C        D        E       F      G
               +--------+--------+--------+--------+--------+-----+--------+
         Total |   9151 |   8734 |    417 |    513 |   5224 |  11 |  831.9 |
       Dungeon |   8687 |   8342 |    345 |    513 |   4840 |  10 |  868.7 |
        Temple |    464 |    392 |     72 |      0 |    384 |   1 |  464.0 |
               +--------+--------+--------+--------+--------+-----+--------+

Top non-repeatable levels by time:
     D:9: 1454 daAuts
     D:8: 1280 daAuts
     D:3: 1152 daAuts
     D:7: 1028 daAuts
     D:5: 1025 daAuts
     D:6: 876 daAuts
     D:4: 733 daAuts
     D:2: 560 daAuts
     D:1: 527 daAuts
  Temple: 464 daAuts
    D:10: 49 daAuts
